 Dungeon Crawl Stone Soup version 0.29-a0-838-g385bb11a5b (webtiles) character file.

Game seed: 1425034500425123310

78 ytrimaz the Trooper (level 4, -7/37 HPs)
             Began as a Demonspawn Monk on July 14, 2022.
             Mangled by a gnoll
             ... wielding a +0 flail
              (12 damage)
             ... on level 3 of the Dungeon.
             The game lasted 00:03:15 (2297 turns).

ytrimaz the Trooper (Demonspawn Monk)               Turns: 2297, Time: 00:03:16

Health: -7/37      AC:  2    Str: 12    XL:     4   Next: 15%
Magic:  4/4        EV: 13    Int: 11    God:
Gold:   123        SH:  0    Dex: 17    Spells: 3/3 levels left

rFire   + . .      SeeInvis .   a - +1 spear
rCold   . . .      Faith    .   (no shield)
rNeg    . . .      Spirit   .   b - +0 robe
rPois   .          Reflect  .   (helmet restricted)
rElec   .          Harm     .   (no cloak)
rCorr   .          Rampage  .   (no gloves)
Will    .....                   (no boots)
Stlth   ++........              k - amulet of regeneration
HPRegen 0.92/turn               o - ring of protection from fire
MPRegen 0.09/turn               (no ring)

@: no status effects
A: horns 2
a: no special abilities


You were on level 3 of the Dungeon.
You visited 1 branch of the dungeon, and saw 3 of its levels.

You collected 123 gold pieces.

Inventory:

Hand Weapons
 a - a +1 spear (weapon)
Armour
 b - a +0 robe (worn)
Jewellery
 d - an amulet of the acrobat
 i - an amulet of guardian spirit
 k - an amulet of regeneration (around neck)
 o - a ring of protection from fire (left hand)
Wands
 n - a wand of flame (10)
Scrolls
 e - 2 scrolls of fog
 h - a scroll of immolation
 j - a scroll of amnesia
 m - a scroll of blinking
 q - a scroll of teleportation
Potions
 c - 2 potions of ambrosia
 f - a potion of heal wounds {unknown}
 g - a potion of mutation {unknown}
 l - a potion of flight {unknown}
 p - 2 potions of magic {unknown}


   Skills:
 + Level 3.9 Fighting
 - Level 3.7 Polearms
 - Level 3.0 Dodging
 - Level 1.7 Stealth


You had 3 spell levels left.
You didn't know any spells.
Your spell library was empty.

Dungeon Overview and Level Annotations

Branches:
Dungeon (3/15)

Altars:
Fedhas


Innate Abilities, Weirdness & Mutations

You have a pair of horns on your head.


Message History

You kill the ball python!
No target in view!
No target in view!
HP restored.
You now have 123 gold pieces (gained 8).
A gnoll comes into view. It is wielding a +0 spear.
A gnoll is nearby!
A gnoll is nearby!
The gnoll shouts!
You hear a shout!
A gnoll comes into view. It is wielding a +0 flail.
The gnoll barely misses you.
You hit the gnoll.
The gnoll is lightly wounded.
The gnoll barely misses you.
You hit the gnoll but do no damage.
You headbutt the gnoll, but do no damage.
The gnoll is lightly wounded.
A gnoll comes into view. It is wielding a +0 halberd.
The gnoll hits you with a +0 spear.
You hit the gnoll.
The gnoll is moderately wounded.
The gnoll barely misses you. x2
You completely miss the gnoll. You headbutt the gnoll!
The gnoll is almost dead.
The gnoll barely misses you. The gnoll misses you.
The gnoll hits you with a +0 spear.
You hit the gnoll but do no damage. Your headbutt misses the gnoll.
The gnoll is almost dead.
The gnoll hits you with a +0 flail! The gnoll barely misses you. x2
The gnoll closely misses you.
You puncture the gnoll! You headbutt the gnoll.
The gnoll is severely wounded.
The gnoll hits you with a +0 flail!
* * * LOW HITPOINT WARNING * * *
The gnoll hits you from afar with a +0 spear.
* * * LOW HITPOINT WARNING * * *
You are too injured to fight recklessly!
Unknown command.
The gnoll attacks as you move away! The gnoll hits you with a +0 flail!
You die...

.#..##. . ##..#.## .# #.
..##... ## ... # .##
#..#.##.. #..#.# ..
#.#..##.# ##.#..##.#
..##.(..# ..##..g.#
.#).##.#..## #..##g# .#
##..#.##..#.##..#g##...#
..##....##....##@...#
#..#.##..# #..#.##..#
#.#..##.#..##.#..##.#..#
..##....##....##....# ..#
.#..##.#..##.#..##.#....#
##..#.##..#.##..# ## . #
..##....##....##....#
#..#.##..#.##..#.##..#
#.#..##.#..##.#..# .


You could see 3 gnolls.

Vanquished Creatures
  2 adders (D:3)
  A worm (D:3)
  6 bats
  An endoplasm (D:1)
  3 giant cockroaches
  4 goblins
  5 hobgoblins
  3 jackals (D:3)
  5 kobolds
  3 quokkas
  5 ball pythons
  5 rats
43 creatures vanquished.

Vanquished Creatures (collateral kills)
  A dart slug (D:1)
  2 giant cockroaches (D:1)
  2 goblins (D:1)
  A frilled lizard (D:1)
6 creatures vanquished.

Grand Total: 49 creatures vanquished

Notes
Turn   | Place    | Note
-------+----------+-------------------------------------------
     0 | D:1      | ytrimaz the Demonspawn Monk began the quest for the Orb.
     0 | D:1      | Reached XP level 1. HP: 18/18 MP: 1/1
   115 | D:1      | Gained mutation: You have a pair of small horns on your
                  | head. [demonic ancestry]
   115 | D:1      | Reached XP level 2. HP: 5/24 MP: 2/2
  1165 | D:1      | Found a faded altar of an unknown god.
  1179 | D:1      | Gained mutation: You have a pair of horns on your head.
                  | [demonic ancestry]
  1179 | D:1      | Reached XP level 3. HP: 24/29 MP: 3/3
  1773 | D:2      | Found a blossoming altar of Fedhas.
  2157 | D:3      | Reached XP level 4. HP: 37/37 MP: 4/4
  2297 | D:3      | Mangled by a gnoll

Illustrated notes

Levels and vault maps discovered:
D:1:      minmay_arrival_hallway, layout_basic, basic_ecumenical_altar,
          minivault_11, roderic_serpentine_path, minivault_5
D:2:      layout_rooms, basic_altar
D:3:      layout_basic, mainiacjoe_overflow_tiny_flanked, ebering_ghost_sewer_f,
          minmay_misc_feat_hallway, minmay_misc_feat_alley, nicolae_eternal_life

Skill      XL: |  1  2 |
---------------+-------+-----
Polearms       | 3 |  3.7
Dodging        | 3 |  3.0
Fighting       | |  3.9
Stealth        | |  1.7

Action                   |  1- 3 |  4- 6 || total
-------------------------+-------+-------++-------
Melee: Spear             |   108 |    23 ||   131
       Headbutt          |    15 |     4 ||    19
  Use: Scroll            |     9 |       ||     9
 Stab: Sleeping          |     6 |       ||     6
       Distracted        |     1 |       ||     1
Armor: Robe              |     9 |     1 ||    10
Dodge: Dodged            |    73 |    16 ||    89

Table legend: (Time is in decaauts)
 A = Elapsed time spent in this place.
 B = Non-inter-level travel time spent in this place.
 C = Inter-level travel time spent in this place.
 D = Time resting spent in this place.
 E = Time spent auto-exploring this place.
 F = Levels seen in this place.
 G = Mean time per level.
                   A        B        C        D        E       F      G
               +--------+--------+--------+--------+--------+-----+--------+
         Total |   2285 |   2187 |     98 |    550 |   1244 |   3 |  761.7 |
       Dungeon |   2285 |   2187 |     98 |    550 |   1244 |   3 |  761.7 |
               +--------+--------+--------+--------+--------+-----+--------+

Top non-repeatable levels by time:
     D:1: 1617 daAuts
     D:2: 461 daAuts
     D:3: 206 daAuts
